 Dungeon Crawl Stone Soup version 0.30-a0-800-g7c544603b3 (webtiles) character file.

Game seed: 7714624676781667235

105 Darius099 the Chopper (level 4, -6/40 HPs)
             Began as a Minotaur Fighter on Feb 22, 2023.
             Killed by divine providence
             ... invoked by an orc priest
              (12 damage)
             ... on level 3 of the Dungeon.
             The game lasted 00:05:59 (2099 turns).

Darius099 the Chopper (Minotaur Fighter)            Turns: 2099, Time: 00:05:59

Health: -6/40      AC: 10    Str: 23    XL:     4   Next: 54%
Magic:  3/3        EV:  9    Int:  5    God:
Gold:   183        SH:  4    Dex:  9    Spells: 3/3 levels left

rFire   . . .      SeeInvis .    a - +0 war axe
rCold   . . .      Faith    .    c - +0 buckler
rNeg    . . .      Spirit   .    b - +0 scale mail
rPois   .          Reflect  .    (helmet restricted)
rElec   .          Harm     .    (no cloak)
rCorr   .          Rampage  .    (no gloves)
Will    .....                    j - +2 pair of boots Stlth
                                 (no amulet)
HPRegen 0.26/turn                (no ring)
MPRegen 0.08/turn                (no ring)

@: no status effects
A: horns 2, retaliatory headbutt
a: no special abilities


You were on level 3 of the Dungeon.
You visited 1 branch of the dungeon, and saw 3 of its levels.

You collected 183 gold pieces.

Inventory:

Hand Weapons
 a - a +0 war axe (weapon)
Missiles
 e - 35 stones (quivered)
 p - 2 javelins
Armour
 b - a +0 scale mail (worn)
 c - a +0 buckler (worn)
 j - a +2 pair of boots (worn)
Jewellery
 u - a ring of resist corrosion
Scrolls
 f - a scroll of butterflies {unknown}
 g - a scroll of noise {unknown}
 h - a scroll of enchant weapon {unknown}
 l - a scroll of brand weapon {unknown}
 m - 2 scrolls of identify {unknown}
 n - a scroll of enchant armour {unknown}
 r - a scroll of vulnerability {unknown}
 w - a scroll of immolation {unknown}
Potions
 d - a potion of might
 i - a potion of curing {unknown}
 k - a potion of resistance {unknown}
 o - a potion of lignification {unknown}
 q - 2 potions of brilliance {unknown}
 s - a potion of flight {unknown}
 t - a potion of attraction {unknown}
 v - 2 potions of heal wounds {unknown}


   Skills:
 - Level 4.0 Fighting
 + Level 5.1 Axes
 - Level 4.0 Armour
 - Level 3.9 Shields


You had 3 spell levels left.
You didn't know any spells.
Your spell library contained the following spells:

 Spells                   Type           Power      Damage    Failure   Level
 Freeze                   Ice            0%         1d3       86%         1
 Frozen Ramparts          Ice            0%         1d1       99%         3
 Hailstorm                Conj/Ice       0%         3d3       99%         3


Dungeon Overview and Level Annotations

Branches:
Dungeon (3/15)

Altars:
The Shining One

Shops:
D:2 [[   D:3 [


Innate Abilities, Weirdness & Mutations

You have a pair of horns on your head.
You reflexively headbutt those who attack you in melee.


Message History

* * * LOW HITPOINT WARNING * * *
You slash the orc!
You kill the orc!
You barely miss the orc. The orc hits you with a +0 club.
* * * LOW HITPOINT WARNING * * *
The orc priest barely misses you.
The orc priest hits you but does no damage.
The orc hits you with a +0 club.
* * * LOW HITPOINT WARNING * * *
The orc hits you but does no damage.
You slash the orc!
You kill the orc!
You hit the orc. The orc barely misses you.
The orc priest calls upon Beogh to heal the orc.
The orc's wounds heal themselves!
The orc hits you but does no damage. The orc priest barely misses you.
You furiously retaliate!
You headbutt the orc priest.
Items here: )) [ †.
You hit the orc priest but do no damage.
The orc priest is lightly wounded.
You hit the orc. The orc closely misses you. You block the orc priest's attack.
You closely miss the orc priest.
The orc priest is lightly wounded.
You hit the orc. The orc hits you but does no damage.
The orc priest barely misses you. The orc completely misses you.
The orc priest hits you but does no damage.
You closely miss the orc priest. Your headbutt misses the orc priest.
You closely miss the orc. You block the orc's attack.
The orc priest barely misses you.
You hit the orc priest. You headbutt the orc priest.
The orc priest is moderately wounded.
You barely miss the orc. You block the orc priest's attack.
The orc barely misses you.
You slash the orc priest!
The orc priest is almost dead.
You barely miss the orc. The orc barely misses you. You furiously retaliate!
You headbutt the orc.
The orc priest mumbles some strange prayers to Beogh against you.
Beogh smites you!
You die...

.....
#........#.#######
.....
#.................
.....
#..............>..
.....
#########.........
#####
#####.........
#....#.#######
#....#.####
#.o)..∩.....
##@###.#####
#.o....#
#.........
#.....####
#....... #.....###
......# ......#


You could see an orc priest and an orc.

Vanquished Creatures
  2 adders (D:2)
  2 worms (D:2)
  2 dart slugs
  3 orcs (D:3)
  5 bats (D:1)
  5 endoplasms
  2 giant cockroaches (D:2)
  7 goblins
  7 hobgoblins
  6 quokkas
  5 ball pythons
  3 frilled lizards (D:1)
  12 kobolds
  8 rats
69 creatures vanquished.

Vanquished Creatures (others)
  6 plants (D:1)
6 creatures vanquished.

Grand Total: 75 creatures vanquished

Notes
Turn   | Place    | Note
-------+----------+-------------------------------------------
     0 | D:1      | Darius099 the Minotaur Fighter began the quest for the Orb.
     0 | D:1      | Reached XP level 1. HP: 19/19 MP: 0/0
   157 | D:1      | Reached XP level 2. HP: 27/27 MP: 1/1
   284 | D:1      | Reached skill level 3 in Axes
   292 | D:1      | Reached XP level 3. HP: 18/33 MP: 2/2
   698 | D:1      | Found a faded altar of an unknown god.
  1215 | D:2      | Reached skill level 4 in Axes
  1310 | D:2      | Found Qearuehe's Armour Emporium.
  1326 | D:2      | Reached XP level 4. HP: 40/40 MP: 3/3
  1491 | D:2      | Found a glowing golden altar of the Shining One.
  1769 | D:2      | Reached skill level 5 in Axes
  1868 | D:2      | Found Illekli's Armour Shop.
  2080 | D:3      | Found Xonnag's Antique Armour Shop.
  2099 | D:3      | Killed from afar by an orc priest

Illustrated notes

Levels and vault maps discovered:
D:1:      dpeg_arrival_signposts, layout_loops_ring,
          nicolae_ecumenical_lake_church, st_stairs_14, serial_bayou_pond_e,
          minmay_tree_intersection, lexackson_kobold_supper
D:2:      layout_loops_ring, basic_altar, serial_shops, shop,
          nicolae_shop_hallway_plus, minmay_pentomino_t4
D:3:      layout_basic, serial_shops, shop, chequers_decorated_corner

Skill      XL: |  1  2  3  4 |
---------------+-------------+-----
Fighting       | 4 |  4.0
Armour         | 4 |  4.0
Axes           | 3 4 5 |  5.1
Shields        | |  3.9

Action                     |  1- 3 |  4- 6 || total
---------------------------+-------+-------++-------
  Melee: War axe           |    93 |    44 ||   137
         Headbutt          |    10 |     9 ||    19
 Armour: Scale mail        |    51 |    22 ||    73
  Dodge: Dodged            |    40 |    23 ||    63
  Block: Buckler           |    17 |     9 ||    26

Table legend: (Time is in decaauts)
 A = Elapsed time spent in this place.
 B = Non-inter-level travel time spent in this place.
 C = Inter-level travel time spent in this place.
 D = Time resting spent in this place.
 E = Time spent auto-exploring this place.
 F = Levels seen in this place.
 G = Mean time per level.
                   A        B        C        D        E       F      G
               +--------+--------+--------+--------+--------+-----+--------+
         Total |   2145 |   2072 |     73 |      0 |   1379 |   3 |  715.0 |
       Dungeon |   2145 |   2072 |     73 |      0 |   1379 |   3 |  715.0 |
               +--------+--------+--------+--------+--------+-----+--------+

Top non-repeatable levels by time:
     D:1: 1237 daAuts
     D:2: 759 daAuts
     D:3: 148 daAuts
